 Dungeon Crawl Stone Soup version 0.18.1-48-g4cf74bf (webtiles) character file.

107 MistressOfTheDunes the Insei (level 4, 0/35 HPs)
             Began as a Mummy Monk on June 25, 2016.
             Slain by Natasha (5 damage)
             ... on level 2 of the Dungeon.
             The game lasted 00:02:09 (1680 turns).

MistressOfTheDunes the Insei (Mummy Monk)           Turns: 1680, Time: 00:02:10

Health: 0/35       AC:  3    Str: 14    XL:     4   Next: 57%
Magic:  4/4        EV: 13    Int:  9    God:
Gold:   67         SH:  0    Dex: 15    Spells: 0 memorised, 3 levels left

rFire  x . .     SeeInvis .       - Unarmed
rCold  + . .     Gourm    .     (no armour)
rNeg   + + +     Faith    .     (no shield)
rPois  ∞         Spirit   .     f - +2 helmet
rElec  .         Dismiss  .     (no cloak)
rCorr  .         Reflect  .     (no gloves)
SustAt .         Harm     .     (no boots)
MR     .....                    (no amulet)
Stlth  ++........               (no ring)
                                (no ring)

@: not resistant to hostile enchantments, unstealthy
A: no food or potions, fire vulnerability, cold resistance 1, negative energy
resistance 3, torment resistance, unbreathing
a: no special abilities


You were on level 2 of the Dungeon.
You were not hungry.

You visited 1 branch of the dungeon, and saw 2 of its levels.

You collected 67 gold pieces.


Innate Abilities, Weirdness & Mutations

You do not eat or drink.
Your flesh is vulnerable to fire.
You are immune to poison.
Your flesh is cold resistant.
You are immune to negative energy.
You are immune to unholy pain and torment.
You can survive without breathing.


   Skills:
 + Level 3.0 Fighting
 - Level 2.4 Dodging
 - Level 1.5 Stealth
 - Level 5.0 Unarmed Combat


You had 3 spell levels left.
You didn't know any spells.

Inventory:

Armour
 f - a +2 helmet (worn)
Scrolls
 a - 4 scrolls of amnesia {unknown}
 b - a scroll of recharging {unknown}
 c - a scroll of immolation {unknown}
 d - 2 scrolls of identify {unknown}
 e - 2 scrolls of remove curse {unknown}
 g - a scroll of magic mapping {unknown}
 h - a scroll of enchant weapon {unknown}

Dungeon Overview and Level Annotations

Branches:
Dungeon (2/15)

Altars:

Annotations:
D:2 Natasha

▒▒..▒▒....)▒▒.... ▒. ▒8..8▒.....▒
... ▒.▒▒ ..........▒▒ .. ..▒...
..>........▒ . ......▒▒▒▒▒▒
▒8..8▒▒..▒.▒▒ ▒..........▒▒
▒▒..▒▒▒..▒..▒▒ ▒...▒.......▒
▒▒▒.▒ ▒)..▒..▒▒ ▒..▒..........
▒▒▒.▒ ▒...▒▒..▒▒▒▒..)▒▒..........
.▒▒.▒▒▒..)......M5...............
.▒...▒▒.....<....h....▒▒...<.....
......▒.........▒▒.▒▒............
......▒............▒▒▒▒..........
▒▒▒▒▒....(.......▒▒▒ ▒▒.........
▒......=.....▒▒▒▒▒▒▒.........
▒...........................<
▒.....▒.▒.▒▒▒▒▒▒ ▒▒.........
▒.▒..▒▒.▒.▒▒ ▒....)...▒


You could see Natasha and a white imp.


Message History

The puff of frost misses you!
You pummel Natasha like a punching bag!
Natasha is heavily wounded!
Natasha barely misses you!
You pummel Natasha but do no damage!
Natasha is heavily wounded!
The white imp gestures at you! The puff of frost hits you!!!
You resist! * * * don't die
* * * Natasha barely misses you!
You barely miss Natasha!
Natasha is heavily wounded!
You closely miss Natasha!
Natasha is heavily wounded!
Natasha misses you! The white imp barely misses you!
You closely miss Natasha!
Natasha is heavily wounded!
Natasha claws you! * * * don't die
* * * The white imp hits you! * * * don't die
* * * The white imp freezes you!
You resist! * * * don't die
* * * You squash Natasha like an ant!
Your punch misses Natasha!
Natasha is almost dead!
Natasha closely misses you! The white imp misses you!
You closely miss Natasha!
Natasha is almost dead!
Natasha claws you! rip

Action                   |  1- 3 |  4- 6 || total
-------------------------+-------+-------++-------
Melee: Unarmed           |    99 |    52 ||   151
       Punch             |     4 |     1 ||     5
 Stab: Sleeping          |     2 |       ||     2
Armor: Skin              |     7 |    10 ||    17
Dodge: Dodged            |    68 |    29 ||    97

Vault maps used:
D:1:      lightli_arrival_maybe_door_vault, nrook_mini_vaults, minivault_11,
          serial_bayou_pond_b
D:2:      minivault_25, st_stairs_6, uniq_jessica, uniq_natasha

Notes
Turn   | Place    | Note
--------------------------------------------------------------
     0 | D:1      | MistressOfTheDunes the Mummy Monk began the quest for the Orb.
     0 | D:1      | Reached XP level 1. HP: 18/18 MP: 1/1
   567 | D:1      | Reached XP level 2. HP: 24/24 MP: 2/2
   880 | D:1      | Reached skill level 4 in Unarmed Combat
  1293 | D:1      | Reached XP level 3. HP: 29/29 MP: 3/3
  1321 | D:2      | Noticed Jessica
  1356 | D:2      | Killed Jessica
  1420 | D:2      | Reached XP level 4. HP: 31/35 MP: 4/4
  1546 | D:2      | Noticed Natasha
  1663 | D:2      | Killed Natasha
  1663 | D:2      | Reached skill level 5 in Unarmed Combat
  1667 | D:2      | Noticed Natasha
  1680 | D:2      | Slain by Natasha

Vanquished Creatures
  Jessica (D:2)
  Natasha (D:2)
  3 worms (D:2)
  A dart slug (D:2)
  A giant gecko (D:1)
  6 bats
  5 giant cockroaches
  6 goblins
  4 hobgoblins
  4 kobolds (D:1)
  2 ball pythons
  8 rats
42 creatures vanquished.
